Map: Blackpink LE

Players

CoRviX

  • Race: Zerg Zerg
  • League: Master
  • Spawn Location: 7:00

NOTAKON - Winner!

  • Race: Terran Terran
  • League: Master
  • Spawn Location: 1:00

VOD

Have the link to the VOD?

Description

Time

  • Played on: Jan. 3, 2018, 2:17 a.m.
  • Length: 6:02
Show
View Real Time Build Order
Export as new Build Order

CoRviX Zerg 

Build Orders: Pool Only, Ravager All-In 

Get SALT Encoding   

  12  0:00  Drone  
  13  0:07  Drone  
  14  0:24  Spawning Pool  
  13  0:28  Drone  
  13  0:32  Extractor  
  13  0:34  Drone  
  14  0:42  Overlord  
  14  0:46  Extractor  
  14  0:50  Drone  
  14  1:11  Roach Warren  
  14  1:12  Zergling x2  
  14  1:22  Overlord  
  14  1:53  Roach x3  
  20  2:05  Roach  
  22  2:13  Ravager x2  
  22  2:14  Ravager  
  25  2:18  Roach  
  27  2:43  Ravager  
  28  2:44  Overlord  
  27  2:53  Ravager  
  27  2:57  Roach  
  27  3:40  Roach x3  
  27  3:57  Roach  
  27  3:59  Ravager  
  30  4:10  Roach  
  30  4:13  Ravager x3  
  23  5:00  Ravager  
  23  5:01  Ravager  
  23  5:02  Roach x2  
  23  5:03  Roach  
  31  5:18  Roach  
Show
View Real Time Build Order
Export as new Build Order

NOTAKON Terran - Winner!

Build Orders: Command Center First (CC) 

Get SALT Encoding   

  12  0:01  SCV  
  13  0:13  SCV  
  14  0:17  Supply Depot  
  14  0:25  SCV  
  15  0:39  SCV  
  16  0:51  SCV  
  17  1:02  Command Center  
  18  1:04  SCV  
  18  1:16  Barracks  
  19  1:18  SCV  
  19  1:31  SCV  
  19  1:32  Refinery  
  20  1:39  Barracks  
  19  1:44  SCV  
  20  1:56  SCV  
  21  2:03  Marine  
  21  2:06  Bunker  
  22  2:09  Orbital Command  
  22  2:19  Orbital Command  
  22  2:22  Marine  
  23  2:28  Marine  
  24  2:34  SCV  
  25  2:40  Marine  
  26  2:46  Marine  
  26  2:50  SCV  
  28  2:57  Marine  
  29  3:00  Factory  
  29  3:02  Orbital Command  
  31  3:10  Barracks Reactor  
  31  3:11  SCV  
  30  3:12  Refinery  
  30  3:15  Marine  
  31  3:20  Supply Depot  
  31  3:23  SCV, Supply Depot  
  32  3:33  SCV  
  33  3:35  SCV  
  33  3:39  Marine  
  33  3:45  SCV  
  33  3:47  SCV  
  35  3:57  SCV  
  35  4:00  Cyclone, SCV  
  41  4:03  Cyclone  
  41  4:09  SCV  
  45  4:13  SCV  
  45  4:30  SCV  
  44  4:32  Cyclone  
  44  4:35  Cyclone  
  49  4:39  SCV  
  49  4:46  SCV  
  49  4:51  SCV  
  47  4:59  SCV  
  45  5:03  SCV  
  45  5:04  Cyclone  
  49  5:11  SCV  
  49  5:13  Cyclone, Orbital Command  
  53  5:17  Command Center  
  53  5:23  SCV  
Tags
 
Add a new tag
Caveats
  • Supply blocks, unpowered buildings, or Contaminate may cause inaccurate times.
  • Supply counts are checked every 10 seconds.